 Dungeon Crawl Stone Soup version 0.27-a0-1525-g1038ab4fd7 (webtiles) character file.

Game seed: 8117295114692425661

20 blackman the Chopper (level 3, -2/27 HPs)
             Began as a Human Wanderer on July 10, 2021.
             Frozen to death by an endoplasm (4 damage)
             ... on level 2 of the Dungeon.
             The game lasted 00:02:39 (1901 turns).

blackman the Chopper (Human Wanderer)               Turns: 1901, Time: 00:02:39

Health: -2/27      AC:  3    Str: 14    XL:     3   Next: 0%
Magic:  6/6        EV:  8    Int: 13    God:
Gold:   19         SH:  8    Dex: 10    Spells: 6/6 levels left

rFire    . . .     SeeInvis .   i - +0 dagger
rCold    . . .     Faith    .   g - +2 kite shield
rNeg     . . .     Spirit   .   b - +0 robe
rPois    .         Reflect  .   c - +0 helmet
rElec    .         Harm     .   (no cloak)
rCorr    .         Rampage  .   (no gloves)
Will     .....                  (no boots)
Stlth    +.........             (no amulet)
HPRegen  0.09/turn              (no ring)
MPRegen  0.10/turn              (no ring)

@: no status effects
A: no striking features
a: no special abilities


You were on level 2 of the Dungeon.
You visited 1 branch of the dungeon, and saw 2 of its levels.

You collected 19 gold pieces.

Inventory:

Hand Weapons
 a - a +0 club
 i - a +0 dagger (weapon)
Armour
 b - a +0 robe (worn)
 c - a +0 helmet (worn)
 g - a +2 kite shield (worn)
Scrolls
 d - a scroll of teleportation {unknown}
Potions
 e - a potion of attraction {unknown}
 f - a potion of haste {unknown}
 h - a potion of invisibility {unknown}


   Skills:
 - Level 2.0 Fighting
 * Level 2.3 Axes
 - Level 1.0 Bows
 - Level 2.0 Armour
 - Level 1.0 Stealth
 - Level 2.0 Spellcasting
 - Level 1.0 Fire Magic
 - Level 1.0 Evocations


You had 6 spell levels left.
You didn't know any spells.
Your spell library contained the following spells:

 Spells                   Type           Power      Damage    Failure   Level
 Foxfire                  Conj/Fire      8%         2x1d4     82%         1
 Magic Dart               Conj           4%         1d3       87%         1
 Blink                    Tloc           N/A        N/A       95%         2
 Call Imp                 Summ           1%         N/A       95%         2
 Poisonous Vapours        Pois/Air       2%         N/A       95%         2
 Slow                     Hex            1%         N/A       95%         2
 Static Discharge         Conj/Air       1%         N/A       95%         2
 Conjure Flame            Conj/Fire      2%         6-21      99%         3
 Mephitic Cloud           Conj/Pois/Air  1%         N/A       99%         3


Dungeon Overview and Level Annotations

Branches:
Dungeon (2/15)

Altars:


Message History

The goblin barely misses you.
You hit the goblin.
The goblin is moderately wounded.
You block the goblin's attack.
You hit the goblin.
You kill the goblin!
You have reached level 3!
Your experience leads to an increase in your attributes!
Increase (S)trength, (I)ntelligence, or (D)exterity?
You feel stronger.
You hit the endoplasm but do no damage. The endoplasm freezes you.
You are frozen.
You block the endoplasm's attack.
You hit the endoplasm.
The endoplasm is lightly wounded.
The endoplasm freezes you.
You are frozen.
* * * LOW HITPOINT WARNING * * *
You completely miss the endoplasm.
The endoplasm is lightly wounded.
The endoplasm hits you.
* * * LOW HITPOINT WARNING * * *
Your shield prevents you from hitting the endoplasm.
The endoplasm is lightly wounded.
The endoplasm barely misses you.
The endoplasm hits you but does no damage.
You barely miss the endoplasm.
The endoplasm is lightly wounded.
You block the endoplasm's attack.
Your shield prevents you from hitting the endoplasm.
The endoplasm is lightly wounded.
The endoplasm hits you but does no damage.
Your shield prevents you from hitting the endoplasm.
The endoplasm is lightly wounded.
The endoplasm freezes you.
You are frozen.
* * * LOW HITPOINT WARNING * * *
The endoplasm freezes you.
You are frozen.
You die...

### ... #.#
..#.###.#
#.......#
#J# #@#
#.......#
......#####
#####. . ##


You could see an endoplasm.

Vanquished Creatures
  A dart slug (D:1)
  2 ball pythons (D:1)
  2 endoplasms (D:1)
  A giant cockroach (D:1)
  A goblin (D:2)
  2 hobgoblins
  4 bats (D:1)
  A frilled lizard (D:1)
  2 kobolds (D:1)
16 creatures vanquished.

Notes
Turn   | Place    | Note
-------+----------+-------------------------------------------
     0 | D:1      | blackman the Human Wanderer began the quest for the Orb.
     0 | D:1      | blackman set off with the following items: a +0 club, a +0
                  | robe; and the following spells available to memorise:
                  | Foxfire, Magic Dart, Blink, Call Imp, Poisonous Vapours,
                  | Slow, Static Discharge, Conjure Flame, Mephitic Cloud
     0 | D:1      | Reached XP level 1. HP: 16/16 MP: 3/3
   398 | D:1      | Reached skill level 1 in Axes
   764 | D:1      | Reached XP level 2. HP: 22/22 MP: 5/5
  1895 | D:2      | Reached XP level 3. HP: 15/27 MP: 6/6
  1901 | D:2      | Frozen to death by an endoplasm

Illustrated notes

Levels and vault maps discovered:
D:1:      grunt_arrival_crossed_arrows, layout_rooms
D:2:      layout_basic, nrook_mini_vaults

Skill      XL: |  1  2 |
---------------+-------+-----
Axes           | 1 2 |  2.3
Fighting       | |  2.0
Bows           | |  1.0
Armour         | |  2.0
Stealth        | |  1.0
Spellcasting   | |  2.0
Fire Magic     | |  1.0
Evocations     | |  1.0

Action                   || total
-------------------------++-------
Melee: Club              ||    67
       Dagger            ||    17
 Stab: Sleeping          ||     3
Armor: Robe              ||    37
Dodge: Dodged            ||    42
Block: Kite shield       ||    10

Table legend: (Time is in decaauts)
 A = Elapsed time spent in this place.
 B = Non-inter-level travel time spent in this place.
 C = Inter-level travel time spent in this place.
 D = Time resting spent in this place.
 E = Time spent auto-exploring this place.
 F = Levels seen in this place.
 G = Mean time per level.
                   A        B        C        D        E       F      G
               +--------+--------+--------+--------+--------+-----+--------+
         Total |   1923 |   1875 |     48 |    960 |    699 |   2 |  961.5 |
       Dungeon |   1923 |   1875 |     48 |    960 |    699 |   2 |  961.5 |
               +--------+--------+--------+--------+--------+-----+--------+

Top non-repeatable levels by time:
     D:1: 1901 daAuts
     D:2: 22 daAuts
